 Dungeon Crawl Stone Soup version 0.28.0-47-ge53b351184 (webtiles) character file.

Game seed: 15954118722822351126

62 H0rd4k the Magician (level 3, 0/19 HPs)
             Began as a Deep Elf Hedge Wizard on May 3, 2022.
             Slain by Terence
             ... wielding a +0 flail
              (6 damage)
             ... on level 2 of the Dungeon.
             The game lasted 00:02:20 (2307 turns).

H0rd4k the Magician (Deep Elf Hedge Wizard)         Turns: 2307, Time: 00:02:21

Health: 0/19       AC:  2    Str:  7    XL:     3   Next: 85%
Magic:  12/12      EV: 12    Int: 20    God:
Gold:   7          SH:  0    Dex: 14    Spells: 5/14 levels left

rFire   . . .      SeeInvis .   a - +0 dagger
rCold   . . .      Faith    .   (no shield)
rNeg    . . .      Spirit   .   b - +0 robe
rPois   .          Reflect  .   c - +0 hat
rElec   .          Harm     .   (no cloak)
rCorr   .          Rampage  .   (no gloves)
Will    .....                   (no boots)
Stlth   ++........              (no amulet)
HPRegen 0.06/turn               (no ring)
MPRegen 0.13/turn               (no ring)

@: no status effects
A: no striking features
a: no special abilities


You were on level 2 of the Dungeon.
You visited 1 branch of the dungeon, and saw 3 of its levels.

You collected 7 gold pieces.

Inventory:

Hand Weapons
 a - a +0 dagger (weapon)
Armour
 b - a +0 robe (worn)
 c - a +0 hat (worn)
Scrolls
 d - a scroll of identify {unknown}
 e - a scroll of magic mapping {unknown}
Potions
 f - a potion of curing {unknown}


   Skills:
 + Level 2.7 Dodging
 - Level 2.4 Stealth
 + Level 6.0 Spellcasting
 + Level 2.0 Conjurations
 + Level 1.1 Summonings
 + Level 1.2 Translocations
 * Level 0.1 Air Magic


You had 5 spell levels left.
You knew the following spells:

 Your Spells              Type           Power      Damage    Failure   Level
a - Magic Dart            Conj           56%        1d5       4%          1
b - Blink                 Tloc           22%        N/A       10%         2
c - Conjure Flame         Conj/Fire      10%        6-21      21%         3
d - Mephitic Cloud        Conj/Pois/Air  8%         N/A       24%         3

Your spell library contained the following spells:

 Spells                   Type           Power      Damage    Failure   Level
 Call Imp                 Summ           10%        N/A       10%         2
 Slow                     Hex            24%        N/A       11%         1
 Ensorcelled Hibernation  Hex/Ice        12%        N/A       16%         2
 Spider Form              Tmut/Pois      6%         N/A       30%         3
 Passage of Golubria      Tloc           11%        N/A       52%         4
 Anguish                  Hex/Necr       3%         N/A       71%         4
 Silence                  Hex/Air        3%         N/A       96%         5
 Lehudib's Crystal Spear  Conj/Erth      5%         10d3      100%        8


Dungeon Overview and Level Annotations

Branches:
Dungeon (3/15)

Altars:

Shops:
D:1 (

Annotations:
D:2 Terence


Message History

Aim: a bat (100% to hit)
The magic dart hits the bat but does no damage.
The bat misses you.
Casting: Magic Dart (safe; 4% risk of failure)
Confirm with . or Enter, or press ? or * to list all spells.
Aiming: Magic Dart (safe; 4% risk of failure)
Press: ? - help, Shift-Dir - straight line, f/p - bat
Aim: a bat (100% to hit)
The magic dart hits the bat.
You kill the bat!
Your Spellcasting skill increases to level 6!
Casting: Magic Dart (safe; 4% risk of failure)
Confirm with . or Enter, or press ? or * to list all spells.
The spell is potentially lethal to miscast (24% risk of failure)!
Continue anyway?
Okay, then.
Unknown command.
Casting: Mephitic Cloud (potentially lethal; 24% risk of failure)
Confirm with . or Enter, or press ? or * to list all spells.
The spell is potentially lethal to miscast (24% risk of failure)!
Continue anyway?
Aiming: Mephitic Cloud (potentially lethal; 24% risk of failure)
Press: ? - help, Shift-Dir - straight line, f - rat
Aim: a rat (chance to affect: 96%)
The ball explodes into a vile cloud!
The stinking cloud engulfs the rat but does no damage.
The rat is engulfed in noxious fumes.
The rat appears confused.
Unknown command.
The rat is engulfed in noxious fumes.
The rat appears confused.
You open the door.
The rat is engulfed in noxious fumes.
The rat appears confused.
There is an open door here.
You see here a smoky yellow potion.
An orc comes into view. It is wielding a +0 short sword.
The orc shouts!
You see here a +0 pair of boots.
There is a stone staircase leading up here.
You climb upwards.
Level annotation: Terence Reactivating autopickup.
Terence hits you with a +0 flail.
You die...

.............##.##.#.##..#######
##.#...............#.##........#
##.#..##.#.####..........##.##.#
##.#..##.#.# #....##.##.##.##.#
##.......#.# #....##.##.##.##.#
##.#..####.####....##.#####....#
.#.#..............(##.# #.####
.#.#÷#####.#...@...##.# #.#
................@..##.#####.#
.#.#.##....#.......##.......#
.#.#.##...................###
.....##.......###########.#
......#.................#.#
......#.................#@#
....[.#..........÷......#.#
......##................#.#
...... #..................#


You could see Terence.

Vanquished Creatures
  2 adders (D:2)
  A white imp (D:3)
  3 dart slugs (D:1)
  3 ball pythons (D:1)
  6 bats
  3 endoplasms
  A giant cockroach (D:1)
  A goblin (D:2)
  A hobgoblin (D:1)
  2 quokkas
  3 frilled lizards (D:1)
  3 kobolds
  2 rats
31 creatures vanquished.

Notes
Turn   | Place    | Note
-------+----------+-------------------------------------------
     0 | D:1      | H0rd4k the Deep Elf Hedge Wizard began the quest for the
                  | Orb.
     0 | D:1      | Reached XP level 1. HP: 10/10 MP: 7/7
   239 | D:1      | Found Bocvom Baiku's Weapon Emporium.
   345 | D:1      | Reached skill level 5 in Spellcasting
   446 | D:1      | Reached XP level 2. HP: 14/15 MP: 0/10
  1414 | D:2      | Reached XP level 3. HP: 19/19 MP: 8/12
  1417 | D:2      | Learned a level 2 spell: Blink
  1421 | D:2      | Learned a level 3 spell: Conjure Flame
  1425 | D:2      | Learned a level 3 spell: Mephitic Cloud
  1473 | D:2      | Found a faded altar of an unknown god.
  1480 | D:2      | Noticed Terence
  2266 | D:3      | Reached skill level 6 in Spellcasting
  2307 | D:2      | Slain by Terence

Illustrated notes

Levels and vault maps discovered:
D:1:      lightli_arrival_lavapool, layout_loops_ring, serial_shops,
          nicolae_shop_bloodbath_and_beyond, minivault_24, minmay_lizard_pond
D:2:      layout_basic, ebering_ecumenical_altar_abandoned, uniq_jessica,
          uniq_terence, uniq_robin
D:3:      layout_basic

Skill      XL: |  1  2  3 |
---------------+----------+-----
Spellcasting   | 5 6 |  6.0
Conjurations   | 2 |  2.0
Dodging        | |  2.7
Stealth        | |  2.4
Summonings     | |  1.1
Translocations | |  1.2
Air Magic      | |  0.1

Action                   || total
-------------------------++-------
Melee: Dagger            ||     2
 Cast: Magic Dart        ||    99
       Mephitic Cloud    ||     1
       Blink             ||     1
Armor: Robe              ||     6
Dodge: Dodged            ||    36
